 Dungeon Crawl Stone Soup version 0.29.1-2-gbd0b4ee654 (webtiles) character file.

Game seed: 1741778843241392890

359 safid the Shooter (level 6, -6/57 HPs)
             Began as a Minotaur Hunter on Nov 8, 2022.
             Mangled by a wraith (12 damage)
             ... in an ossuary.
             The game lasted 00:04:26 (3238 turns).

safid the Shooter (Minotaur Hunter)                 Turns: 3238, Time: 00:04:27

Health: -6/57      AC:  4    Str: 15    XL:     6   Next: 37%
Magic:  0/5        EV: 12    Int:  6    God:
Gold:   214        SH:  0    Dex: 16    Spells: 5/5 levels left

rFire   . . .      SeeInvis .   a - +0 shortbow
rCold   . . .      Faith    .   (shield currently unavailable)
rNeg    . . .      Spirit   +   c - +0 leather armour
rPois   .          Reflect  .   (helmet restricted)
rElec   .          Harm     .   (no cloak)
rCorr   .          Rampage  .   g - +0 pair of gloves
Will    +....                   (no boots)
Stlth   +.........              n - amulet of guardian spirit
HPRegen 0.19/turn               i - ring of willpower
MPRegen 0.09/turn               (no ring)

@: attractive, slowed, very slow
A: horns 2, retaliatory headbutt
a: no special abilities


You were in an ossuary.
You visited 1 branch of the dungeon, and saw 4 of its levels.
You also visited: Ossuary.

You collected 214 gold pieces.

Inventory:

Hand Weapons
 a - a +0 shortbow (weapon)
Missiles
 l - 2 javelins
Armour
 c - a +0 leather armour (worn)
 g - a +0 pair of gloves (worn)
Jewellery
 i - a ring of willpower (left hand)
 n - an amulet of guardian spirit (around neck)
Scrolls
 b - a scroll of immolation
 d - a scroll of enchant weapon {unknown}
 e - 4 scrolls of teleportation {unknown}
 f - 2 scrolls of fear {unknown}
 h - 2 scrolls of identify {unknown}
 k - a scroll of enchant armour {unknown}
 q - a scroll of amnesia {unknown}
 r - a scroll of summoning {unknown}
 s - a scroll of brand weapon {unknown}
 t - a scroll of vulnerability {unknown}
 u - 2 scrolls of poison {unknown}
 v - a scroll of fog {unknown}
Potions
 j - 6 potions of curing {unknown}
 o - a potion of mutation {unknown}
 p - a potion of resistance {unknown}
 w - a potion of ambrosia {unknown}
 x - a potion of haste {unknown}


   Skills:
 + Level 6.0 Fighting
 + Level 6.8 Ranged Weapons
 - Level 2.1 Dodging
 - Level 0.7 Stealth


You had 5 spell levels left.
You didn't know any spells.
Your spell library contained the following spells:

 Spells                   Type           Power      Damage    Failure   Level
 Sandblast                Erth           0%         2d4       52%         1
 Passwall                 Tmut/Erth      0%         N/A       67%         2
 Conjure Flame            Conj/Fire      0%         6-21      88%         3
 Ignite Poison            Fire/Tmut/Pois 0%         N/A       88%         3
 Stone Arrow              Conj/Erth      0%         3d7       88%         3
 Sticky Flame             Conj/Fire      0%         2d3       99%         4


Dungeon Overview and Level Annotations

Branches:
Dungeon (4/15)            Ossuary (1/1)
 Temple: D:4-7

Altars:

Shops:
D:3 (

Annotations:
D:3 1 runed translucent door, Crazy Yiuf


Innate Abilities, Weirdness & Mutations

You have a pair of horns on your head.
You reflexively headbutt those who attack you in melee.


Message History

The wraith drains your vigour!
You feel as though you will be slow longer.
The wraith hits you. The wraith drains your vigour!
You feel as though you will be slow longer.
You are too injured to fight recklessly!
You are too injured to fight recklessly!
Fire: a) +0 shortbow
Press: ? - help, Q - select action, (/) - cycle Shift-Dir - straight line, f/p - wraith
Aim: a wraith (lightly damaged, 66% to hit)
You shoot an arrow.
The arrow hits the wraith but does no damage.
The wraith is lightly damaged.
The wraith barely misses you. The wraith hits you.
Fire: a) +0 shortbow
Press: ? - help, Q - select action, (/) - cycle Shift-Dir - straight line, f/p - wraith
Aim: a wraith (lightly damaged, 66% to hit)
You shoot an arrow. The arrow hits the wraith!
The wraith is moderately damaged.
The wraith hits you.
* * * LOW HITPOINT WARNING * * *
The wraith drains your vigour!
You feel as though you will be slow longer.
The wraith closely misses you.
Fire: a) +0 shortbow
Press: ? - help, Q - select action, (/) - cycle Shift-Dir - straight line, f/p - wraith
Aim: a wraith (moderately damaged, 66% to hit)
You shoot an arrow. The arrow hits the wraith.
The wraith is heavily damaged.
The wraith hits you.
* * * LOW HITPOINT WARNING * * *
The wraith drains your vigour!
You feel as though you will be slow longer.
The wraith hits you!
* * * LOW HITPOINT WARNING * * *
The wraith drains your vigour!
You feel as though you will be slow longer.
It was a potion of attraction.
You feel attractive to monsters. The wraith hits you!
You die...

###############
...............
...............
#####'#####
##.........##
##...#####...##
##...##...##...##
#...##.???.##...#
+...@W??!!?.#...+
#...##.!...##...#
##...##...##...##
. ##...#####...##
...##.........##
....#####'#####..
.................
.................
########'''######


You could see a wraith.

Vanquished Creatures
  A scorpion (D:3)
  2 orc priests
  Terence (D:3)
  Natasha (thrice) (D:2)
  A mummy (Ossuary)
  A gnoll (D:1)
  4 adders
  3 dart slugs
  3 orcs
  6 ball pythons
  2 endoplasms (D:2)
  A giant cockroach (D:1)
  4 goblins
  10 hobgoblins
  4 jackals (D:4)
  8 kobolds
  3 quokkas
  6 bats
  5 frilled lizards
  A gnoll skeleton (Ossuary)
  2 kobold skeletons (Ossuary)
  6 orc skeletons (Ossuary)
  A quokka zombie (D:4)
  8 rats
  A rat zombie (D:4)
87 creatures vanquished.

Vanquished Creatures (others)
  2 fungi (D:2)
  2 plants (D:3)
  3 toadstools (D:2)
7 creatures vanquished.

Grand Total: 94 creatures vanquished

Notes
Turn   | Place    | Note
-------+----------+-------------------------------------------
     0 | D:1      | safid the Minotaur Hunter began the quest for the Orb.
     0 | D:1      | Reached XP level 1. HP: 18/18 MP: 0/0
   130 | D:1      | Reached XP level 2. HP: 25/25 MP: 1/1
   622 | D:1      | Reached skill level 5 in Ranged Weapons
   622 | D:1      | Reached XP level 3. HP: 31/31 MP: 2/2
  1199 | D:2      | Noticed Natasha
  1202 | D:2      | Killed Natasha
  1218 | D:2      | Found a faded altar of an unknown god.
  1222 | D:2      | Reached XP level 4. HP: 40/40 MP: 3/3
  1321 | D:2      | Noticed Natasha
  1328 | D:2      | Killed Natasha
  1619 | D:2      | Noticed Natasha
  1629 | D:2      | Killed Natasha
  1630 | D:2      | Reached XP level 5. HP: 42/47 MP: 4/4
  1878 | D:3      | Reached skill level 5 in Fighting
  1901 | D:3      | Noticed Terence
  1908 | D:3      | Killed Terence
  1983 | D:3      | Reached XP level 6. HP: 33/56 MP: 2/5
  2469 | D:3      | Found a runed translucent door.
  2470 | D:3      | Noticed Crazy Yiuf
  2525 | D:3      | Found Imueqif's Weapon Emporium.
  2883 | D:4      | Found a sand-covered staircase.
  2898 | Ossuary  | Entered an ossuary
  2898 | Ossuary  | Noticed a wraith
  2898 | Ossuary  | Noticed a wraith
  2898 | Ossuary  | Noticed a wraith
  3209 | Ossuary  | Noticed a wraith
  3238 | Ossuary  | Mangled by a wraith

Illustrated notes

Levels and vault maps discovered:
D:1:      dpeg_arrival_rooms_c, layout_basic, minmay_heptomino_d4
D:2:      layout_rooms, hellmonk_ecumenical_altar_zigzags, st_stairs_1,
          minmay_gold_behind_fungi, uniq_natasha
D:3:      layout_loops_ring, serial_shops, nicolae_diamond_shop,
          nicolae_concentric_dashed_squares_mild, grunt_ministairs_2,
          chequers_big_river, minmay_fractal_squares_gapless_5, uniq_terence,
          uniq_crazy_yiuf_cottage
D:4:      layout_loops_ring, makhleb_blood_cavern_becter, enter_ossuary_4,
          uniq_menkaure
Ossuary:  ossuary_due_mausoleum

Skill      XL: |  1  2  3  4  5  6 |
---------------+-------------------+-----
Fighting       | 3 4 5 6 |  6.0
Ranged Weapons | 5 6 |  6.8
Dodging        | |  2.1
Stealth        | |  0.7

Action                   |  1- 3 |  4- 6 || total
-------------------------+-------+-------++-------
 Fire: Shortbow          |    87 |   173 ||   260
  Use: Potion            |       |     1 ||     1
Armor: Leather armour    |     6 |    12 ||    18
Dodge: Dodged            |    20 |    75 ||    95
